 Dungeon Crawl Stone Soup version 0.17-a0-1996-gd2c0ec8 (webtiles) character file.

43832 tp1 the Basher (level 14, -6/88 HPs)
             Began as a Gargoyle Berserker on Oct 7, 2015.
             Was the Champion of Trog.
             Mangled by an eight-headed hydra (7 damage)
             ... on level 8 of the Lair of Beasts.
             The game lasted 01:41:47 (14797 turns).

tp1 the Basher (Gargoyle Berserker)                Turns: 14797, Time: 01:41:48

Health: -6/88      AC: 32    Str: 28    XL:     14   Next: 26%
Magic:  14/14      EV:  9    Int:  9    God:    Trog [******]
Gold:   918        SH:  0    Dex:  9    Spells: 0 memorised, 13 levels left

rFire  + . .     SeeInvis .     W - +2 executioner's axe (chop)
rCold  . . .     Clarity  .     b - +0 plate armour
rNeg   + . .     SustAt   .     (no shield)
rPois  ∞         Gourm    .     e - +1 helmet
rElec  +         Spirit   .     (no cloak)
rCorr  .         Warding  .     B - +2 pair of gloves
rMut   .         Stasis   +     h - +0 pair of boots
MR     +++..                    V - amulet of stasis
Stlth  ..........               I - +3 ring of strength
                                N - ring of protection from fire

@: regenerating, extremely resistant to hostile enchantments, extremely
unstealthy
A: big wings, negative energy resistance 1, electricity resistance, unbreathing,
petrification resistance, rot immunity, AC +9
a: Fly, Burn Spellbooks, Berserk, Trog's Hand, Brothers in Arms, Renounce
Religion


You were on level 8 of the Lair of Beasts.
You worshipped Trog.
Trog was exalted by your worship.
You were not hungry.

You visited 2 branches of the dungeon, and saw 19 of its levels.

You collected 1173 gold pieces.
You spent 255 gold pieces at shops.

Inventory:

Hand Weapons
 k - the +9 battleaxe of Caula {flame, rF+}
   (You found it on level 2 of the Lair of Beasts)

   It has been specially enchanted to burn those struck by it, causing extra
   injury to most foes and up to half again as much damage against particularly
   susceptible opponents.
   Big, fiery blades are also staple armaments of hydra-hunters.
   It protects you from fire.
 G - a +2 eveningstar
 L - the +11 dire flail of Moderation {crush, +Inv rC+ Str-4 Int+3}
   (Trog gifted it to you on level 3 of the Lair of Beasts)

   It inflicts extra damage upon your enemies.
   It affects your strength (-4).
   It affects your intelligence (+3).
   It protects you from cold.
   It lets you turn invisible.
 W - a +2 executioner's axe of chopping (weapon)
Armour
 b - a +0 plate armour (worn)
 e - a +1 helmet (worn)
 h - a +0 pair of boots (worn)
 n - the +3 hat of Pondering {ponderous, MR+ MP+10 Int+5}
   (You took it off Gastronok on level 2 of the Lair of Beasts)

   It affects your intelligence (+5).
   It affects your resistance to hostile enchantments.
   It affects your magic capacity (+10).
 B - a +2 pair of gloves (worn)
Jewellery
 l - an uncursed ring of ice
 D - an uncursed ring of positive energy
 I - a +3 ring of strength (right hand)
 K - an uncursed ring of positive energy
 N - a ring of protection from fire (left hand)
 U - an uncursed ring of see invisible {unknown}
 V - an amulet of stasis (around neck)
Wands
 i - a wand of lightning (9)
 q - a wand of draining (5)
 s - a wand of enslavement (8)
 v - a wand of enslavement (10)
 C - a wand of digging (24)
 E - a wand of invisibility (4)
 F - a wand of cold (1)
 J - a wand of paralysis (10)
 S - a wand of teleportation (5)
 Z - a wand of lightning (7)
Scrolls
 a - 4 scrolls of holy word
 p - 5 scrolls of teleportation
 r - 3 scrolls of fog
 y - 5 scrolls of remove curse
 z - a scroll of enchant weapon
 A - 4 scrolls of magic mapping
 H - 9 scrolls of identify
 P - 2 scrolls of amnesia
 Q - 5 scrolls of fear
 R - a scroll of enchant armour
Potions
 d - 2 potions of magic
 j - 2 potions of might
 m - 6 potions of curing
 t - 5 potions of heal wounds
 u - 2 potions of brilliance
 w - 2 potions of agility
 M - 2 potions of cancellation
 X - 2 potions of haste
Comestibles
 c - 9 bread rations
 f - 16 fruits
 g - 12 chunks of flesh
 o - a beef jerky
 x - 10 meat rations
 T - 3 slices of pizza
 Y - a royal jelly


   Skills:
 - Level 10.0 Fighting
 * Level 12.6(14.8) Axes
 - Level 14.4(16.4) Maces & Flails
 + Level 11.6 Armour
 - Level 3.0 Dodging
 - Level 0.2 Stealth


You had 13 spell levels left.
You didn't know any spells.

Dungeon Overview and Level Annotations

Branches:
Dungeon (11/15)            Temple (0/1) D:6            Lair (8/8) D:11
  Swamp (0/4) Lair:3       Spider (0/4) Lair:5        Slime (0/6) Lair:7
    Orc: D:9-12

Altars:
Fedhas
Xom
Yredelemnul
Jiyva

Shops:
D:4 [   D:6 !   D:7 %   D:10 :


Innate Abilities, Weirdness & Mutations

You are resistant to torment.
Your stone body is resilient (AC +9).
You are immune to poison.
Your large and strong wings let you fly indefinitely.
You resist negative energy.
You are resistant to electric shocks.
You can survive without breathing.
You are immune to petrification.
You are immune to rotting.


Message History

* * * LOW HITPOINT WARNING * * *
The eight-headed hydra bites you but does no damage.
The eight-headed hydra barely misses you.
The eight-headed hydra bites you but does no damage. x2
The eight-headed hydra misses you.
You don't know any spells.
You cannot teleport because you are wearing an amulet of stasis.
Drink which item? (? for menu, Esc to quit)
You feel better. The sheep closely misses you.
The sheep bites you but does no damage.
The seven-headed hydra closely misses you.
The seven-headed hydra bites you.
* * * LOW HITPOINT WARNING * * *
The seven-headed hydra bites you but does no damage.
The seven-headed hydra completely misses you.
The seven-headed hydra bites you but does no damage. x3
The sheep bites you but does no damage. The eight-headed hydra bites you.
* * * LOW HITPOINT WARNING * * *
The eight-headed hydra bites you!
You die...

....... ###.#....
............###.##(##...
............##.##...##..
..............†.#.......
..............†..##.....
................###.....
[.......................
#.....YD...P....#......†
#.....Y@Y...P...##......
#.....YYD..#PP..........
###.PP..P..###..........
##.......# #...#...#..
#P.....#.##########..
##...PPP..# #...
#...PPPPP## ###.
###.#..P## #P. #..P.


You could see an eight-headed hydra, a seven-headed hydra and 5 sheep.

Vanquished Creatures
  Gastronok (Lair:2)
  Josephine (Lair:5)
  Fannar (Lair:2)
  3 hydras
  3 death yaks (Lair:7)
  Nergalle (Lair:2)
  A hill giant (D:10)
  Pikel (D:6)
  2 griffons (Lair:5)
  5 black mambas
  A centaur zombie (D:10)
  10 spiny frogs
  11 elephants
  Psyche (D:9)
  A fire drake (Lair:6)
  2 centaur skeletons (D:10)
  5 komodo dragons
  2 trolls
  A polar bear (Lair:7)
  18 blink frogs
  A boulder beetle (Lair:7)
  4 wraiths (Lair:5)
  22 yaks
  Eustachio (D:5)
  7 hippogriffs
  4 basilisks (Lair:7)
  2 steam dragons
  3 wyverns
  Menkaure (D:7)
  Edmund (D:5)
  3 ice beasts
  20 wolves
  Duvessa (D:7)
  23 water moccasins
  10 porcupines
  An orc warrior (D:10)
  8 spiders (Lair:5)
  An eye of draining (D:9)
  2 sky beasts (D:10)
  A black bear (D:7)
  4 phantoms
  5 centaurs
  9 crocodiles
  2 ogres
  3 big kobolds (D:10)
  13 giant frogs
  12 killer bees
  8 scorpions
  Dowan (D:7)
  2 electric eels (D:11)
  4 wights (D:6)
  8 orc wizards
  3 giant frog skeletons
  6 iguanas
  7 jellies
  8 orc priests
  4 worker ants
  6 hounds
  13 sheep
  A hound zombie (D:9)
  3 hound skeletons
  10 gnolls
  20 adders
  A shadow imp (D:3)
  46 river rats
  An ooze (D:9)
  2 adder skeletons
  A worm (D:2)
  6 giant geckos
  31 orcs
  A ball python (D:5)
  7 giant cockroaches
  7 goblins
  6 hobgoblins
  16 bats
  6 giant newts
  16 jackals
  A jackal skeleton (D:5)
  14 kobolds
  3 quokkas
  A quokka skeleton (D:5)
  4 rats
  4 fungi
  3 plants
516 creatures vanquished.

Vanquished Creatures (others)
  A centaur (D:6)
  An adder (D:6)
2 creatures vanquished.

Grand Total: 518 creatures vanquished

Notes
Turn   | Place    | Note
--------------------------------------------------------------
     0 | D:1      | tp1 the Gargoyle Berserker began the quest for the Orb.
     0 | D:1      | Reached XP level 1. HP: 14/14 MP: 1/1
   143 | D:1      | Reached XP level 2. HP: 12/19 MP: 2/2
   698 | D:1      | Reached XP level 3. HP: 22/24 MP: 3/3
   854 | D:2      | Reached XP level 4. HP: 16/29 MP: 4/4
   983 | D:2      | Acquired Trog's second power
  1863 | D:4      | Found a basalt altar of Yredelemnul.
  1940 | D:4      | Reached XP level 5. HP: 27/33 MP: 5/5
  2012 | D:4      | Reached skill level 4 in Armour
  2104 | D:4      | Noticed an ogre
  2114 | D:4      | Killed an ogre
  2114 | D:4      | Reached skill level 5 in Armour
  2423 | D:4      | Found Acoirhig's Antique Armour Boutique.
  2440 | D:4      | Bought a pair of glowing gloves for 135 gold pieces
  2516 | D:4      | Reached XP level 6. HP: 34/38 MP: 6/6
  2744 | D:4      | Reached skill level 6 in Armour
  2778 | D:4      | Reached XP level 7. HP: 30/42 MP: 7/7
  2802 | D:4      | Reached skill level 7 in Armour
  2839 | D:4      | Got a steaming mace
  2840 | D:4      | Identified the +1 mace "Killer Bee's Regret" {pain, rPois rF- MR+ Int+3} (You found it on level 4 of the Dungeon)
  3021 | D:5      | Entered Level 5 of the Dungeon
  3108 | D:5      | Reached skill level 1 in Maces & Flails
  3365 | D:5      | Noticed Eustachio
  3380 | D:5      | Killed Eustachio
  3380 | D:5      | Reached XP level 8. HP: 44/48 MP: 8/8
  3672 | D:5      | Found a blossoming altar of Fedhas.
  3746 | D:5      | Noticed Edmund
  3754 | D:5      | Killed Edmund
  3873 | D:5      | Reached skill level 5 in Maces & Flails
  4256 | D:6      | Noticed Pikel
  4275 | D:6      | Killed Pikel
  4275 | D:6      | Reached XP level 9. HP: 18/52 MP: 9/9
  4281 | D:6      | Reached skill level 8 in Maces & Flails
  4331 | D:6      | Found Xuatwim's Distillery.
  4853 | D:6      | Found a staircase to the Ecumenical Temple.
  4913 | D:7      | Reached skill level 9 in Maces & Flails
  5173 | D:7      | Found Tadah's Food Shoppe.
  5179 | D:7      | Bought a bread ration for 60 gold pieces
  5179 | D:7      | Bought a bread ration for 60 gold pieces
  5191 | D:7      | Noticed Dowan
  5192 | D:7      | Noticed Duvessa
  5195 | D:7      | Killed Dowan
  5212 | D:7      | Killed Duvessa
  5369 | D:7      | Noticed Menkaure
  5411 | D:7      | Reached skill level 10 in Maces & Flails
  5438 | D:7      | Killed Menkaure
  5531 | D:7      | Acquired Trog's third power
  6166 | D:8      | Reached skill level 11 in Maces & Flails
  6166 | D:8      | Reached XP level 10. HP: 40/56 MP: 10/10
  6453 | D:8      | Found a shimmering altar of Xom.
  6825 | D:9      | Reached skill level 12 in Maces & Flails
  7001 | D:9      | Found a viscous altar of Jiyva.
  7306 | D:9      | Noticed Psyche
  7320 | D:9      | Killed Psyche
  7359 | D:10     | Entered Level 10 of the Dungeon
  7509 | D:10     | Reached skill level 13 in Maces & Flails
  7617 | D:10     | Found Gerchopta's Book Emporium.
  7652 | D:10     | Reached skill level 5 in Fighting
  7669 | D:10     | Reached XP level 11. HP: 57/64 MP: 11/11
  7776 | D:10     | Noticed a hill giant
  7803 | D:10     | Killed a hill giant
  8695 | D:11     | Found a staircase to the Lair.
  8717 | Lair:1   | Entered Level 1 of the Lair of Beasts
  8787 | Lair:1   | Noticed a five-headed hydra
  8800 | Lair:1   | Killed a five-headed hydra
  9075 | Lair:1   | Gained mutation: You are agile. (Dex +2) [potion of beneficial mutation]
  9352 | Lair:2   | Received a gift from Trog
  9412 | Lair:2   | Reached skill level 14 in Maces & Flails
  9451 | Lair:2   | Found a blossoming altar of Fedhas.
  9576 | Lair:2   | Noticed a six-headed hydra
  9587 | Lair:2   | Killed a six-headed hydra
  9587 | Lair:2   | Reached XP level 12. HP: 41/76 MP: 12/12
  9613 | Lair:2   | Noticed Nergalle
  9624 | Lair:2   | Killed Nergalle
  9708 | Lair:2   | Got a dazzling battleaxe
  9709 | Lair:2   | Identified the +9 battleaxe of Caula {flame, rF+} (You found it on level 2 of the Lair of Beasts)
  9845 | Lair:2   | Noticed Fannar
  9858 | Lair:2   | Killed Fannar
  9861 | Lair:2   | Noticed a seven-headed hydra
  9870 | Lair:2   | Killed a three-headed hydra
  9870 | Lair:2   | Reached skill level 10 in Fighting
  9994 | Lair:2   | Noticed Gastronok
 10016 | Lair:2   | Killed Gastronok
 10158 | Lair:2   | Reached skill level 10 in Armour
 10402 | Lair:2   | Lost mutation: You are agile. (Dex +2) [potion of cure mutation]
 10513 | Lair:3   | Found a staircase to the Swamp.
 11010 | Lair:3   | Received a gift from Trog
 11010 | Lair:3   | Reached skill level 5 in Axes
 11018 | Lair:3   | Got a dazzling dire flail {god gift}
 11019 | Lair:3   | Identified the +11 dire flail of Moderation {crush, +Inv rC+ Str-4 Int+3} (Trog gifted it to you on level 3 of the Lair of Beasts)
 11984 | Lair:4   | Reached XP level 13. HP: 82/82 MP: 13/13
 12306 | Lair:5   | Found a hole to the Spider Nest.
 12720 | Lair:5   | Noticed Josephine
 12726 | Lair:5   | Killed Josephine
 13121 | Lair:6   | Reached skill level 10 in Axes
 13241 | Lair:6   | Received a gift from Trog
 13964 | Lair:7   | Gained mutation: Your large and strong wings let you fly indefinitely. [Gargoyle growth]
 13964 | Lair:7   | Reached XP level 14. HP: 88/88 MP: 14/14
 14410 | Lair:7   | Found a viscous altar of Jiyva.
 14410 | Lair:7   | Found a staircase to the Slime Pits.
 14578 | Lair:8   | Entered Level 8 of the Lair of Beasts
 14729 | Lair:8   | Received a gift from Trog
 14796 | Lair:8   | HP: 1/88 [eight-headed hydra (9)]
 14797 | Lair:8   | Mangled by an eight-headed hydra

Vault maps used:
D:1:      wheals_arrival_shading, roderic_serpentine_path
D:4:      old_forge, nicolae_overflow_crystal_walls, first_bread, serial_shops,
          shop
D:5:      fedhas_altar_4, uniq_eustachio, uniq_edmund
D:6:      minmay_temple_entry_fiery, serial_shops, shop, uniq_pikel
D:7:      serial_shops, shop, uniq_duvessa, uniq_menkaure
D:8:      hangedman_little_slice_of_home, tgw_xom
D:9:      jiyva_altar_1, uniq_psyche
D:10:     wad_woods_structure_01, serial_shops, nicolae_shop_behind_doors
D:11:     erik_lair_island
Lair:1:   lemuel_fruit_tree
Lair:2:   basic_altar, serial_bayou_pond_d, grunt_megastairs_3, uniq_fannar,
          uniq_gastronok, uniq_nergalle
Lair:3:   swamp_mist, serial_bayou_shore_b
Lair:5:   spider_nest_entry_a, uniq_josephine
Lair:6:   cheibrodos_lair_reptile_den, lemuel_fruit_fields
Lair:7:   slime_altar_1, kennysheep_basilisk_garden
Lair:8:   evilmike_catoblepas_cave, grunt_megastairs_2

Action                   |  1- 3 |  4- 6 |  7- 9 | 10-12 | 13-15 || total
-------------------------+-------+-------+-------+-------+-------++-------
Melee: Hand axe          |   133 |   211 |    41 |       |       ||   385
       Mace              |       |       |    23 |       |       ||    23
       Eveningstar       |       |       |   201 |   337 |       ||   538
       War axe           |       |       |    13 |    28 |       ||    41
       Morningstar       |       |       |    39 |       |       ||    39
       Dire flail        |       |       |    37 |   152 |    29 ||   218
       Broad axe         |       |       |       |     9 |       ||     9
       Battleaxe         |       |       |       |   122 |   339 ||   461
       Executioner's axe |       |       |       |       |     8 ||     8
Invok: Berserk           |       |     1 |     5 |     6 |       ||    12
       Trog's Hand       |       |       |     4 |     5 |     2 ||    11
       Burn Spellbooks   |       |       |       |     3 |     2 ||     5
  Use: Scroll            |     1 |       |    13 |     7 |     5 ||    26
       Potion            |       |       |       |    15 |     1 ||    16
  Eat: Chunk             |       |     2 |    14 |    21 |    11 ||    48
       Bread ration      |       |     1 |     1 |     1 |       ||     3
